 Dungeon Crawl Stone Soup version 0.19.0-2-gae57169 (webtiles) character file.

371026 JeffiDaFish the Peltast (level 22, -1/146 HPs)
             Began as a Gargoyle Fighter on Nov 7, 2016.
             Was the Champion of Makhleb.
             Slain by an orc knight
             ... wielding a +0 great sword
              (30 damage)
             ... on level 4 of the Vaults.
             The game lasted 02:38:58 (37744 turns).

JeffiDaFish the Peltast (Gargoyle Fighter)         Turns: 37744, Time: 02:39:00

Health: -1/146     AC: 51    Str: 29    XL:     22   Next: 66%
Magic:  37/37      EV:  9    Int: 10    God:    Makhleb [******]
Gold:   2054       SH: 20    Dex: 12    Spells: 5 memorised, 24 levels left

rFire  . . .     SeeInvis .     A - +9 morningstar "Hell-Harrower" {venom, +Rage rElec Dex+2}
rCold  . . .     Gourm    .     p - +0 crystal plate armour
rNeg   + . .     Faith    +     c - +4 shield
rPois  ∞         Spirit   .     x - +2 hat
rElec  +         Reflect  .     i - +2 cloak
rCorr  .         Harm     .     y - +2 pair of gloves {Str+3}
MR     ++...                    n - +2 pair of boots
Stlth  ..........               s - amulet of faith
                                M - ring of protection from magic
                                O - +2 ring of evasion

@: exhausted, corroded, flying, slowed, very slow
A: big wings, clumsy 1, mutation resistance 1, negative energy resistance 1,
electricity resistance, unbreathing, petrification resistance, rot immunity, AC
+16
a: Stop Flying, Minor Destruction, Lesser Servant of Makhleb, Major Destruction,
Greater Servant of Makhleb, Renounce Religion, Evoke Berserk Rage
}: 2/15 runes: serpentine, barnacled


You were on level 4 of the Vaults.
You worshipped Makhleb.
Makhleb was exalted by your worship.
You were very hungry.

You visited 8 branches of the dungeon, and saw 37 of its levels.
You visited the Abyss 1 time.
You visited 1 bazaar.
You also visited: Bailey and Ice Cave.

You collected 3542 gold pieces.
You spent 1488 gold pieces at shops.

Inventory:

Hand Weapons
 A - the +9 morningstar "Hell-Harrower" (weapon) {venom, +Rage rElec Dex+2}
   (You found it in a bailey)

   It poisons the flesh of those it strikes.
   It affects your dexterity (+2).
   It insulates you from electricity.
   It lets you go berserk.
 C - a +4 demon whip of slashing
Armour
 c - a +4 shield (worn)
 i - a +2 cloak (worn)
 n - a +2 pair of boots (worn)
 p - a +0 crystal plate armour (worn)
 x - a +2 hat (worn)
 y - a +2 pair of gloves of strength (worn)
 D - a +4 plate armour
Jewellery
 s - an amulet of faith (around neck)
 M - a ring of protection from magic (right hand)
 O - a +2 ring of evasion (left hand)
Wands
 d - a wand of heal wounds (9/9)
 E - a wand of heal wounds (2/9)
Scrolls
 k - 9 scrolls of remove curse
 l - 2 scrolls of magic mapping
 o - 3 scrolls of teleportation
 u - 4 scrolls of fog
 z - 4 scrolls of identify
 F - a scroll of enchant weapon
 L - a scroll of brand weapon
Potions
 b - a potion of brilliance
 e - 5 potions of haste
 g - 4 potions of might
 t - 4 potions of resistance
 v - 15 potions of curing
 J - 2 potions of cure mutation
 K - a potion of cancellation
 R - a potion of heal wounds
 T - 3 potions of agility
 U - 4 potions of berserk rage
 W - a potion of invisibility
Books
 a - a book of Maledictions

   Spells                             Type                      Level
   a - Corona                         Hexes                        1
   b - Ensorcelled Hibernation        Hexes/Ice                    2
   c - Confuse                        Hexes                        3
   d - Tukima's Dance                 Hexes                        3
   e - Dazzling Spray                 Conjuration/Hexes            3
 q - the Compendium of Evil
   (You found it on level 4 of the Vaults)

   Spells                             Type                      Level
   a - Animate Skeleton               Necromancy                   1
   b - Pain                           Necromancy                   1
   c - Sublimation of Blood           Necromancy                   2
   d - Vampiric Draining              Necromancy                   3
   e - Animate Dead                   Necromancy                   4
   f - Bolt of Draining               Conjuration/Necromancy       5
 B - a book of Power

   Spells                             Type                      Level
   a - Fulminant Prism                Conjuration/Hexes            4
   b - Iskenderun's Mystic Blast      Conjuration                  4
   c - Venom Bolt                     Conjuration/Poison           5
   d - Bolt of Magma                  Conjuration/Fire/Earth       5
   e - Iron Shot                      Conjuration/Earth            6
   f - Orb of Destruction             Conjuration                  7
   g - Spellforged Servitor           Conjuration/Summoning        7
 N - the Handbook of Warped Summoning
   (You found it on level 4 of the Shoals)

   Spells                             Type                      Level
   a - Summon Butterflies             Summoning                    1
   b - Summon Small Mammal            Summoning                    1
   c - Apportation                    Translocation                1
   d - Portal Projectile              Translocation                3
   e - Summon Lightning Spire         Summoning/Air                4
   f - Passage of Golubria            Translocation                4
   g - Dispersal                      Translocation                6
Comestibles
 f - 16 bread rations
 h - 28 fruits
 j - 5 slices of pizza
 m - 18 meat rations
 r - 13 beef jerkies
 H - 2 royal jellies
 X - 11 chunks of flesh


   Skills:
 * Level 17.9 Fighting
 * Level 17.9 Maces & Flails
 * Level 18.1 Armour
 - Level 1.3 Dodging
 - Level 0.5 Stealth
 * Level 19.1 Shields
 + Level 11.0 Spellcasting
 + Level 12.0 Conjurations
 + Level 11.4 Hexes
 - Level 0.1 Evocations


You had 24 spell levels left.
You knew the following spells:

 Your Spells              Type           Power        Failure   Level  Hunger
a - Confuse               Hex            ####....     6%          3    ##.....
b - Magic Dart            Conj           ####         1%          1    None
c - Fulminant Prism       Conj/Hex       ####......   17%         4    ####...
d - Iskenderun's Mystic   Conj           ####....     14%         4    ####...
e - Orb of Destruction    Conj           ####......   100%        7    #######


Dungeon Overview and Level Annotations

Branches:
Dungeon (15/15)            Temple (1/1) D:7            Lair (6/6) D:11
 Shoals (4/4) Lair:3        Snake (4/4) Lair:3        Slime (0/5) Lair:5
    Orc (2/2) D:11            Elf (1/3) Orc:2        Vaults (4/5) D:13
  Crypt (0/3) Vaults:3     Depths (0/5) D:15

Altars:
Ashenzari
Cheibriados
Elyvilon
Hepliaklqana
Kikubaaqudgha
Makhleb
Okawaru
Qazlal
Trog
Uskayaw
Vehumet
Yredelemnul
Zin
The Shining One
Beogh

Shops:
D:9 (   Orc:2 [*(?   Snake:1 }   Snake:3 %   Vaults:1 :[}

Annotations:
D:10 exclusion: ice statue
D:13 exclusion: 2 statues
Lair:5 exclusion: 2 oklob plants


Innate Abilities, Weirdness & Mutations

You are resistant to torment.
Your stone body is resilient. (AC +16)
You are immune to poison.
Your large and strong wings let you fly indefinitely.
You resist negative energy. (rN+)
You are resistant to electric shocks. (rElec)
You can survive without breathing.
You are immune to petrification.
You are immune to rotting.
You are clumsy. (Dex -2)
You are somewhat resistant to further mutation.


Message History

The orc high priest barely misses you.
You sock the ironbrand convoker!
You kill the ironbrand convoker!
Makhleb accepts your kill.
You feel better. You block the rust devil's attack.
You block the orc knight's attack. x2; You block the deep troll's attack.
The deep troll claws you but does no damage.
The deep troll closely misses you.
You sock the rust devil!
The rust devil is moderately wounded.
You block the rust devil's attack. You block the orc high priest's attack.
The orc priest mumbles some strange prayers to Beogh against you.
Beogh smites you!
* * * LOW HITPOINT WARNING * * *
The orc hits you but does no damage.
The orc knight hits you but does no damage.
You block the deep troll's attack.
The deep troll claws you but does no damage. x2
The orc knight hits you with an uncursed great sword!!
You die...

#......'...........!).)†
#...(..##...............
####+#######............(
#....((.# #..>.....)....
#...)).(# #.............
#...)(.o# #.........(...
#...).Tc## ####.....####
........oTo# #.....#
.......oo4@# ##...##
........ooo# ####''##
...........# #......#
...........# #......#
....######## #......#####
.. #...........
#......#.... #......#####
#..<...#


You could see 3 orc knights, an orc high priest, 2 deep trolls, a yaktaur, a
rust devil, an orc warrior, an orc priest and 2 orcs.

Vanquished Creatures
  Margery (Vaults:4)
  Frederick (Vaults:3)
  Vashnia (Snake:2)
  A bone dragon (Vaults:4)
  Jorgrun (Shoals:2)
  Asterion (Vaults:3)
  Polyphemus (Shoals:2)
  3 sphinxes
  Frances (D:13)
  Ilsuiw (Shoals:4)
  3 deep elf sorcerers
  16 nagarajas
  Aizul (Snake:2)
  2 frost giants (Vaults:3)
  6 vault wardens
  3 orc warlords
  2 stone giants (Vaults:4)
  An entropy weaver (Vaults:1)
  12 ironheart preservers
  2 deep elf demonologists (Vaults:3)
  The ghost of ggurman the Bludgeoner, a journeyman MiFi of Gozag (Lair:3)
  11 merfolk javelineers
  9 merfolk impalers
  3 ettins
  9 yaktaur captains
  2 great orbs of eyes (Vaults:1)
  A fire dragon (Vaults:1)
  15 vault guards
  A caustic shrike simulacrum (Vaults:4)
  3 rakshasas
  Erolcha (Orc:1)
  31 naga warriors
  6 hydras
  6 ice dragons
  7 merfolk avatars
  3 ghost crabs (Vaults:4)
  A catoblepas (Shoals:2)
  An anaconda (shapeshifter) (Vaults:3)
  6 anacondas
  12 centaur warriors
  5 merfolk aquamancers
  The ghost of thedrunkenpirate the Protected, a journeyman DsFi of Hepliaklqana (Shoals:1)
  3 alligator snapping turtles (Shoals:1)
  5 death knights
  A deep troll earth mage (Vaults:1)
  A deep troll shaman (Vaults:4)
  5 satyrs
  4 ogre magi
  The ghost of mibe the Spear-Bearer, a novice DrCK of Makhleb (Lair:1)
  16 shock serpents
  7 orc high priests
  7 death yaks
  7 deep elf knights
  Sonja (D:13)
  28 naga sharpshooters
  2 salamander mystics
  5 hell knights (Vaults:4)
  A shadow wraith (Vaults:3)
  11 skeletal warriors
  7 deep trolls
  A flayed ghost (Vaults:3)
  3 unseen horrors
  15 sea snakes
  6 wizards
  4 naga ritualists
  3 glowing orange brains
  8 deep elf archers
  A storm dragon skeleton (Vaults:4)
  6 hill giants
  5 necromancers
  21 orc knights
  11 ironbrand convokers
  3 mana vipers
  50 harpies
  4 wolf spiders
  4 orc sorcerers
  19 deep elf magi
  A frost giant zombie (Vaults:1)
  15 fauns
  A shadow dragon skeleton (Vaults:4)
  3 elephants (Lair:5)
  20 salamanders
  16 slime creatures
  15 ugly things
  A human zombie (Vaults:1)
  11 cyclopes
  4 starcursed masses (Abyss:2)
  14 manticores
  Maurice (D:11)
  A tengu skeleton (Vaults:4)
  An apocalypse crab (Abyss:2)
  8 vault sentinels
  16 sirens
  2 black mambas (shapeshifter)
  9 guardian serpents
  2 water nymphs
  29 naga magi
  30 black mambas
  A guardian serpent (shapeshifter) (Vaults:1)
  4 spiny frogs
  3 rime drakes
  2 yaktaurs (shapeshifter)
  2 freezing wraiths (Vaults:3)
  A kobold demonologist (D:14)
  6 komodo dragons
  An efreet (D:13)
  19 yaktaurs
  A hellwing (Abyss:2)
  10 polar bears
  A golden dragon simulacrum (Vaults:4)
  5 trolls
  2 polar bears (shapeshifter) (Vaults:1)
  9 hornets
  A troll (shapeshifter) (Vaults:3)
  A jumping spider (Vaults:1)
  8 two-headed ogres
  6 wind drakes
  2 meliai (shapeshifter)
  Prince Ribbit (D:9)
  32 merfolk
  5 dream sheep
  8 hippogriffs
  An ettin zombie (Vaults:1)
  13 snapping turtles
  14 blink frogs
  A stone giant simulacrum (Vaults:2)
  A human simulacrum (Vaults:1)
  2 large abominations
  13 spriggans (Lair:6)
  4 wraiths
  3 redbacks
  3 wyverns (Lair:6)
  2 orc simulacra (Vaults:1)
  A vampire (D:13)
  15 water elementals
  A shadow (D:11)
  5 basilisks
  5 hungry ghosts
  A hog (shapeshifter) (Vaults:2)
  54 yaks
  A fire elemental (Orc:2)
  14 vampire mosquitoes
  A steam dragon (D:9)
  A redback simulacrum (D:13)
  An elf skeleton (Vaults:1)
  84 nagas
  5 wargs
  3 mottled dragons
  Edmund (D:4)
  A hell hound (shapeshifter) (Vaults:3)
  14 water moccasins
  6 porcupines
  73 orc warriors
  4 sky beasts
  7 ice beasts
  3 necrophages
  A phantom (D:13)
  2 boggarts (Lair:6)
  An ettin simulacrum (Vaults:2)
  10 black bears
  25 ogres
  42 centaurs
  62 wolves
  A human skeleton (Vaults:1)
  13 crocodiles
  16 bullfrogs
  An earth elemental (Abyss:2)
  A glowing shapeshifter simulacrum (Vaults:4)
  3 scorpions
  An elf simulacrum (Vaults:3)
  9 wights
  4 electric eels
  2 howler monkeys (D:5)
  6 crimson imps
  3 centaur zombies
  A quasit (Abyss:2)
  A bullfrog zombie (D:12)
  4 hounds
  17 jellies
  Crazy Yiuf (D:4)
  A bullfrog skeleton (D:4)
  36 orc priests
  24 orc wizards
  2 centaur skeletons
  Jessica (D:3)
  6 iguanas
  9 worker ants
  A bullfrog simulacrum (D:11)
  A hound skeleton (D:11)
  A worker ant zombie (D:7)
  A howler monkey skeleton (D:7)
  4 gnolls
  9 adders
  A hound simulacrum (D:11)
  A river rat (D:11)
  6 shadow imps
  13 white imps (D:11)
  5 oozes (D:10)
  An adder zombie (D:6)
  An adder skeleton (D:5)
  A worm (D:4)
  4 dart slugs
  3 leopard geckos
  130 orcs
  2 giant cockroaches
  13 goblins
  8 hobgoblins
  15 jackals
  5 quokkas
  14 bats
  5 frilled lizards
  14 kobolds
  2 quokka skeletons
  21 rats
  A fulminant prism (Vaults:1)
  2 fungi (D:11)
  A macabre mass (Vaults:4)
  2 plants
1754 creatures vanquished.

Vanquished Creatures (others)
  A merfolk aquamancer (Shoals:1)
  An ogre mage (Vaults:1)
  A wizard (Vaults:4)
  A dream sheep (Shoals:2)
  5 nagas
  An orc wizard (Orc:2)
  An orc priest (Orc:2)
  A bat (D:11)
  17 fulminant prisms
  15 fungi
  17 plants
61 creatures vanquished.

Grand Total: 1815 creatures vanquished

Notes
Turn   | Place    | Note
-------+----------+-------------------------------------------
     0 | D:1      | JeffiDaFish the Gargoyle Fighter began the quest for the Orb.
     0 | D:1      | Reached XP level 1. HP: 14/14 MP: 1/1
   161 | D:1      | Reached XP level 2. HP: 18/19 MP: 2/2
   269 | D:1      | Reached XP level 3. HP: 20/23 MP: 3/3
   626 | D:2      | Reached skill level 4 in Shields
  1245 | D:2      | Found a faded altar of an unknown god.
  1653 | D:3      | Reached XP level 4. HP: 28/28 MP: 4/4
  1722 | D:3      | Noticed Jessica
  1741 | D:3      | Killed Jessica
  2228 | D:4      | Noticed Edmund
  2235 | D:4      | Killed Edmund
  2235 | D:4      | Reached skill level 5 in Shields
  2235 | D:4      | Reached XP level 5. HP: 28/33 MP: 5/5
  2240 | D:4      | Reached XP level 6. HP: 27/38 MP: 6/6
  2262 | D:4      | Gained mutation: You are weak. (Str -2) [potion of mutation]
  2262 | D:4      | Lost mutation: You are weak. (Str -2) [potion of mutation]
  2262 | D:4      | Gained mutation: You are clumsy. (Dex -2) [potion of mutation]
  2717 | D:4      | Found a basalt altar of Yredelemnul.
  2717 | D:4      | Found a stormy altar of Qazlal.
  2835 | D:4      | Got a scorched mace
  2836 | D:4      | Identified the cursed +1 mace of Mutilation {flame, +Fly rF+ rC+ Stlth+} (You found it on level 4 of the Dungeon)
  2843 | D:4      | Found a runed door.
  2847 | D:4      | Noticed Crazy Yiuf
  2852 | D:4      | Killed Crazy Yiuf
  2953 | D:5      | Entered Level 5 of the Dungeon
  2953 | D:5      | Found an iron altar of Okawaru.
  3230 | D:5      | Reached XP level 7. HP: 44/44 MP: 7/7
  3357 | D:5      | Reached skill level 5 in Maces & Flails
  3363 | D:5      | Learned a level 3 spell: Confuse
  3391 | D:5      | Reached skill level 1 in Dodging
  3427 | D:5      | Reached skill level 6 in Shields
  3502 | D:5      | Reached skill level 5 in Fighting
  3502 | D:5      | Reached XP level 8. HP: 44/49 MP: 8/8
  3535 | D:5      | Reached skill level 5 in Armour
  3792 | D:6      | Got a polished war axe
  3881 | D:6      | Identified the +5 war axe of Goepolig {freeze, +Rage rElec rC+ Str-5} (You found it on level 6 of the Dungeon)
  4185 | D:6      | Found a glowing silver altar of Zin.
  4336 | D:7      | Reached skill level 7 in Shields
  4447 | D:7      | Reached XP level 9. HP: 48/55 MP: 9/9
  4489 | D:7      | Found a staircase to the Ecumenical Temple.
  4511 | Temple   | Entered the Ecumenical Temple
  4544 | Temple   | Became a worshipper of Makhleb the Destroyer
  5053 | D:8      | Reached skill level 8 in Shields
  5176 | D:8      | Found a flagged portal.
  5204 | Bailey   | Entered a bailey
  5243 | Bailey   | Noticed an orc warlord
  5291 | Bailey   | Noticed an orc knight
  5311 | Bailey   | Killed an orc knight
  5338 | Bailey   | Found a runed gate.
  5339 | Bailey   | Found a runed gate.
  5346 | Bailey   | Found a runed gate.
  5569 | Bailey   | Killed an orc warlord
  5569 | Bailey   | Reached skill level 9 in Shields
  5569 | Bailey   | Reached XP level 10. HP: 31/61 MP: 10/10
  5590 | Bailey   | Got a slimy morningstar
  5591 | Bailey   | Identified the +9 morningstar "Hell-Harrower" {venom, +Rage rElec Dex+2} (You found it in a bailey)
  5872 | D:8      | Reached * piety under Makhleb
  6078 | D:8      | Found a shattered altar of Ashenzari.
  6095 | D:8      | Found a hide-covered altar of Uskayaw.
  6100 | D:8      | Found an ancient bone altar of Kikubaaqudgha.
  6757 | D:9      | Found a snail-covered altar of Cheibriados.
  6765 | D:9      | Found Xutownooch's Antique Weapon Shoppe.
  6786 | D:9      | Reached skill level 10 in Shields
  6789 | D:9      | Reached skill level 1 in Spellcasting
  6789 | D:9      | Reached skill level 1 in Hexes
  6827 | D:9      | Found a bloodstained altar of Trog.
  6833 | D:9      | Reached skill level 10 in Maces & Flails
  7127 | D:9      | Noticed Prince Ribbit
  7142 | D:9      | Killed Prince Ribbit
  7290 | D:10     | Entered Level 10 of the Dungeon
  7293 | D:10     | Noticed a cyclops
  7302 | D:10     | Killed a cyclops
  7302 | D:10     | Reached XP level 11. HP: 56/68 MP: 13/13
  7406 | D:10     | Reached ** piety under Makhleb
  7419 | D:10     | Killed an unseen horror
  7484 | D:10     | Found a radiant altar of Vehumet.
  7726 | D:10     | Identified a scroll of acquirement
  7727 | D:10     | Got a pair of faintly glowing gloves
  7733 | D:10     | Identified the +2 pair of gloves "Lisaikuo" {rF+ Dex-5 SInv Stlth+} (You acquired it on level 10 of the Dungeon)
  7767 | D:10     | Noticed a hill giant
  7774 | D:10     | Killed a hill giant
  7936 | D:11     | Killed an unseen horror
  8026 | D:11     | Noticed Maurice
  8031 | D:11     | Reached *** piety under Makhleb
  8036 | D:11     | Killed Maurice
  8063 | D:11     | Killed an unseen horror
  8152 | D:11     | Noticed a manticore
  8168 | D:11     | Killed a manticore
  8168 | D:11     | Reached skill level 11 in Shields
  8180 | D:11     | Noticed a red ugly thing
  8196 | D:11     | Killed a red ugly thing
  8225 | D:11     | Found a frozen archway.
  8290 | IceCv    | Entered an ice cave
  8332 | IceCv    | Reached **** piety under Makhleb
  8332 | IceCv    | Reached XP level 12. HP: 70/76 MP: 16/16
  8774 | D:11     | Gained mutation: You are somewhat resistant to further mutation. [potion of mutation]
  8788 | D:11     | Noticed a death yak
  8798 | D:11     | Killed a death yak
  8862 | D:11     | Found a roughly hewn altar of Beogh.
  8862 | D:11     | Found a staircase to the Orcish Mines.
  8951 | D:11     | Found a staircase to the Lair.
  8956 | Lair:1   | Entered Level 1 of the Lair of Beasts
  9001 | Lair:1   | Noticed mibe's ghost (novice DrCK)
  9021 | Lair:1   | Killed mibe's ghost
  9096 | Lair:1   | Noticed a five-headed hydra
  9103 | Lair:1   | Killed a five-headed hydra
  9386 | Lair:1   | Reached ***** piety under Makhleb
  9828 | Lair:2   | Reached skill level 10 in Fighting
 10079 | Lair:2   | Learned a level 1 spell: Magic Dart
 10218 | Lair:2   | Reached skill level 12 in Shields
 10622 | Lair:3   | Reached XP level 13. HP: 83/83 MP: 19/19
 10629 | Lair:3   | Reached skill level 1 in Conjurations
 10629 | Lair:3   | Reached skill level 5 in Hexes
 10660 | Lair:3   | Found a staircase to the Snake Pit.
 10669 | Lair:3   | Noticed ggurman's ghost (journeyman MiFi)
 10687 | Lair:3   | Killed ggurman's ghost
 10761 | Lair:3   | Reached skill level 10 in Armour
 11110 | Lair:3   | Found a staircase to the Shoals.
 11778 | Lair:4   | Reached skill level 5 in Spellcasting
 12176 | Lair:5   | Found a staircase to the Slime Pits.
 12363 | Lair:5   | Reached ****** piety under Makhleb
 13087 | Lair:6   | Entered Level 6 of the Lair of Beasts
 13349 | Lair:6   | Gained mutation: Your large and strong wings let you fly indefinitely. [Gargoyle growth]
 13349 | Lair:6   | Reached XP level 14. HP: 90/90 MP: 21/21
 13419 | Lair:6   | Reached skill level 13 in Shields
 15016 | D:12     | Found an ancient bone altar of Kikubaaqudgha.
 15918 | D:13     | Noticed Frances
 15936 | D:13     | Killed Frances
 15978 | D:13     | Reached skill level 5 in Conjurations
 16002 | D:13     | Reached XP level 15. HP: 96/96 MP: 24/24
 16078 | D:13     | Found a gate to the Vaults.
 16098 | D:13     | Noticed Sonja
 16111 | D:13     | Killed Sonja
 16853 | D:14     | Reached skill level 14 in Shields
 17602 | D:15     | Entered Level 15 of the Dungeon
 17609 | D:15     | Found a glowing golden altar of the Shining One.
 17648 | D:15     | Found a bloodstained altar of Trog.
 18272 | D:15     | Found a staircase to the Depths.
 18669 | Orc:1    | Entered Level 1 of the Orcish Mines
 18683 | Orc:1    | Noticed Erolcha
 18699 | Orc:1    | Killed Erolcha
 19018 | Orc:2    | Entered Level 2 of the Orcish Mines
 19562 | Orc:2    | Found a roughly hewn altar of Beogh.
 19695 | Orc:2    | Found Poasoj's Antique Armour Boutique.
 19721 | Orc:2    | Found Mazxirgha's General Store.
 19866 | Orc:2    | Reached XP level 16. HP: 103/103 MP: 26/26
 19972 | Orc:2    | Found Maosigu's Magic Scroll Shop.
 19997 | Orc:2    | Found a roughly hewn altar of Beogh.
 20104 | Orc:2    | Found Kecsito's Antique Weapon Emporium.
 20353 | Orc:2    | Found a staircase to the Elven Halls.
 20793 | Orc:2    | Bought a pair of crude boots for 313 gold pieces
 20803 | Orc:2    | Identified the +0 pair of boots "Kemesaoxt" {-Cast rF+ Int+4} (You bought it in a shop on level 2 of the Orcish Mines)
 20974 | Snake:1  | Entered Level 1 of the Snake Pit
 21389 | Snake:1  | Found Kum Kuod's Gadget Boutique.
 21544 | Snake:1  | Learned a level 4 spell: Fulminant Prism
 21778 | Snake:2  | Noticed a nagaraja
 21788 | Snake:2  | Killed a nagaraja
 21817 | Snake:2  | Noticed a nagaraja
 21827 | Snake:2  | Killed a nagaraja
 21848 | Snake:2  | Found a runed door.
 21876 | Snake:2  | Noticed a nagaraja
 21883 | Snake:2  | Killed a nagaraja
 21921 | Snake:2  | Reached skill level 15 in Shields
 22184 | Snake:2  | Noticed Vashnia
 22300 | Snake:2  | Killed Vashnia
 22300 | Snake:2  | Reached XP level 17. HP: 80/110 MP: 28/28
 22415 | Snake:2  | Noticed Aizul
 22439 | Snake:2  | Killed Aizul
 23658 | Snake:3  | Found Ugohevia's Food Boutique.
 24100 | Snake:3  | Reached skill level 15 in Maces & Flails
 24306 | Snake:4  | Entered Level 4 of the Snake Pit
 24640 | Snake:4  | Reached XP level 18. HP: 117/117 MP: 30/30
 24913 | Snake:4  | Reached skill level 16 in Shields
 25011 | Snake:4  | Identified the Catalogue of Creative Feathers
 25083 | Snake:4  | Reached skill level 15 in Armour
 25482 | Snake:4  | Reached skill level 15 in Fighting
 25688 | Snake:4  | Got a serpentine rune of Zot
 25941 | Shoals:1 | Entered Level 1 of the Shoals
 25941 | Shoals:1 | Noticed thedrunkenpirate's ghost (journeyman DsFi)
 25958 | Shoals:1 | Killed thedrunkenpirate's ghost
 26104 | Shoals:1 | Learned a level 4 spell: Iskenderun's Mystic Blast
 26327 | Shoals:1 | Reached XP level 19. HP: 73/124 MP: 18/32
 27449 | Shoals:2 | Noticed Polyphemus
 27473 | Shoals:2 | Killed Polyphemus
 27473 | Shoals:2 | Reached skill level 10 in Conjurations
 27943 | Shoals:2 | Noticed Jorgrun
 27965 | Shoals:2 | Killed Jorgrun
 28723 | Shoals:3 | Reached skill level 17 in Shields
 28891 | Shoals:3 | Reached skill level 10 in Hexes
 29315 | Shoals:4 | Entered Level 4 of the Shoals
 29392 | Shoals:4 | Identified the Handbook of Warped Summoning
 29609 | Shoals:4 | Noticed Ilsuiw
 29676 | Shoals:4 | Killed Ilsuiw
 29962 | Shoals:4 | Reached XP level 20. HP: 131/131 MP: 33/33
 30356 | Shoals:4 | Got a barnacled rune of Zot
 31008 | Elf:1    | Entered Level 1 of the Elven Halls
 31013 | Elf:1    | Noticed a Tzitzimitl
 31235 | Vaults:1 | Entered Level 1 of the Vaults
 31292 | Vaults:1 | Found Bajan's Book Boutique.
 31865 | Vaults:1 | Found Deetseb's Gadget Emporium.
 32383 | Vaults:1 | Found a flickering gateway to a bazaar.
 32406 | Vaults:1 | Found Luibecw's Antique Armour Shop.
 32483 | Bazaar   | Entered a bazaar
 32483 | Bazaar   | Found Focu's Antique Armour Shop.
 32483 | Bazaar   | Found Mezuzuf's Gadget Shoppe.
 32483 | Bazaar   | Found Bucaad's Armour Shop.
 32485 | Bazaar   | Found Wuufry's General Store.
 32485 | Bazaar   | Found Jiops's Jewellery Shoppe.
 32558 | Bazaar   | Bought a +1 plate armour of fire resistance for 455 gold pieces
 32572 | Bazaar   | Bought a +0 crystal plate armour for 720 gold pieces
 32869 | Vaults:1 | Reached skill level 10 in Spellcasting
 33040 | Vaults:1 | Cast into level 2 of the Abyss (a deep elf sorcerer)
 33049 | Abyss:2  | Learned a level 7 spell: Orb of Destruction
 33188 | Abyss:2  | Found a corrupted altar of Lugonu.
 33249 | Abyss:2  | Found a corrupted altar of Lugonu.
 33260 | Vaults:1 | Escaped the Abyss
 33379 | Vaults:1 | Reached skill level 18 in Shields
 33385 | Vaults:1 | Reached XP level 21. HP: 138/138 MP: 35/35
 34941 | Vaults:3 | Noticed Frederick
 34954 | Vaults:3 | Killed Frederick
 35148 | Vaults:3 | Found a staircase to the Crypt.
 35218 | Vaults:3 | Paralysed by a sphinx for 6 turns
 35860 | Vaults:3 | Noticed Asterion
 35883 | Vaults:3 | Killed Asterion
 36065 | Vaults:3 | Reached XP level 22. HP: 145/145 MP: 36/36
 37400 | Vaults:4 | HP: 5/146 [caustic shrike simulacrum (43)]
 37488 | Vaults:4 | Identified the Compendium of Evil
 37508 | Vaults:4 | Noticed Margery
 37554 | Vaults:4 | Killed Margery
 37554 | Vaults:4 | Reached skill level 19 in Shields
 37744 | Vaults:4 | Slain by an orc knight

Skill      XL: |  1  2  3  4  5  6  7  8  9 10 11 12 13 14 15 16 17 18 19 20 21 22 |
---------------+-------------------------------------------------------------------+-----
Shields        | 4 5 6 7 9 10 11 12 13 14 15 16 17 18 19 | 19.1
Fighting       | 4 5 6 7 9 10 11 12 13 14 15 16 17 | 17.9
Maces & Flails | 3 4 5 7 9 10 11 12 13 14 15 16 17 | 17.9
Armour         | 4 5 6 7 8 9 10 11 12 13 14 15 16 17 18 | 18.1
Dodging        | 1 |  1.3
Spellcasting   | 1 3 4 5 6 7 8 9 10 11 | 11.0
Hexes          | 2 3 4 6 7 8 9 10 11 | 11.4
Conjurations   | 3 5 6 7 8 9 10 11 12 | 12.0
Stealth        | |  0.5
Evocations     | |  0.1

Action                   |  1- 3 |  4- 6 |  7- 9 | 10-12 | 13-15 | 16-18 | 19-21 | 22-24 || total
-------------------------+-------+-------+-------+-------+-------+-------+-------+-------++-------
Melee: Flail             |   176 |    66 |   327 |       |       |       |       |       ||   569
       Mace              |       |    22 |   155 |       |       |       |       |       ||   177
       Morningstar       |       |       |       |   684 |  1596 |  1875 |  2245 |   507 ||  6907
 Cast: Magic Dart        |       |       |       |       |       |     5 |       |       ||     5
       Iskenderun's Myst |       |       |       |       |       |     5 |    14 |       ||    19
       Fulminant Prism   |       |       |       |       |       |     1 |    17 |       ||    18
       Confuse           |       |       |       |       |       |     1 |       |       ||     1
 Abil: Fly               |       |       |       |       |     1 |       |       |       ||     1
       Evoke Berserk Rag |       |       |       |       |     1 |     4 |     2 |     1 ||     8
Evoke: Wand              |       |       |     1 |       |       |     3 |     1 |       ||     5
  Use: Scroll            |     8 |     5 |     5 |     9 |    14 |     7 |     9 |     7 ||    64
       Potion            |     4 |     2 |    11 |     2 |     3 |     3 |     4 |     3 ||    32
  Eat: Chunk             |     3 |     5 |     9 |    14 |    32 |    18 |    36 |     6 ||   123
       Royal jelly       |       |       |       |     3 |     2 |     5 |       |       ||    10
       Meat ration       |       |       |       |       |       |       |     1 |       ||     1
       Fruit             |       |       |       |       |       |       |     3 |       ||     3
Armor: Scale mail        |    16 |       |       |       |       |       |       |       ||    16
       Chain mail        |    64 |       |       |       |       |       |       |       ||    64
       Plate armour      |    60 |    63 |   413 |   510 |   902 |   980 |   715 |       ||  3643
       Crystal plate arm |       |       |       |       |       |       |   611 |   395 ||  1006
Dodge: Dodged            |    43 |    11 |   114 |   183 |   460 |   533 |   671 |   134 ||  2149
Block: Shield            |   111 |    54 |   338 |   525 |  1253 |  1816 |  2280 |   538 ||  6915
